 Dungeon Crawl Stone Soup version 0.27.0-1-g7a089689b8 (webtiles) character file.

Game seed: 9658096554639787729

97 sanka the Ducker (level 4, -1/28 HPs)
             Began as an Octopode Arcane Marksman on Aug 10, 2021.
             Slain by an orc (6 damage)
             ... on level 4 of the Dungeon.
             The game lasted 00:02:20 (2727 turns).

sanka the Ducker (Octopode Arcane Marksman)         Turns: 2727, Time: 00:02:21

Health: -1/28      AC:  1    Str:  9    XL:     4   Next: 68%
Magic:  5/5        EV: 14    Int: 15    God:
Gold:   52         SH:  0    Dex: 13    Spells: 4/5 levels left

rFire    . . .     SeeInvis .     - Unarmed
rCold    . . .     Faith    .   (no shield)
rNeg     . . .     Spirit   .   (helmet restricted)
rPois    .         Reflect  .   (no amulet)
rElec    .         Harm     .   (no ring)
rCorr    .         Rampage  .   (no ring)
Will     .....                  (no ring)
Stlth    ++........             (no ring)
HPRegen  0.09/turn              (no ring)
MPRegen  0.09/turn              (no ring)
                                (no ring)
                                (no ring)

@: no status effects
A: almost no armour, amphibious, 8 rings, camouflage 1, gelatinous body 1,
(nimble swimmer 1), tentacles
a: no special abilities


You were on level 4 of the Dungeon.
You visited 1 branch of the dungeon, and saw 4 of its levels.

You collected 52 gold pieces.


Innate Abilities, Weirdness & Mutations

You cannot wear most types of armour.
You are amphibious.
You can wear up to eight rings at the same time.
Your skin changes colour to match your surroundings (Stealth+).
Your rubbery body absorbs attacks. (AC +1, EV +1)
((You are camouflaged near water. (Stealth+)))
You have tentacles for arms and can constrict up to eight enemies at once.


   Skills:
 - Level 1.0 Fighting
 - Level 2.0 Throwing
 + Level 3.6 Dodging
 + Level 2.8 Unarmed Combat
 - Level 1.0 Spellcasting
 - Level 3.0 Hexes


You had 4 spell levels left.
You knew the following spells:

 Your Spells              Type           Power      Damage    Failure   Level
Z - Corona                Hex            10%        N/A       7%          1

Your spell library contained the following spells:

 Spells                   Type           Power      Damage    Failure   Level
 Slow                     Hex            9%         N/A       11%         2
 Dazzling Flash           Conj/Hex       10%        N/A       36%         3
 Inner Flame              Hex/Fire       5%         N/A       36%         3
 Portal Projectile        Hex/Tloc       10%        N/A       36%         3
 Cause Fear               Hex            4%         N/A       56%         4
 Iskenderun's Mystic Bla  Conj/Tloc      0%         2d3       94%         4
 Blade Hands              Tmut           0%         N/A       100%        5
 Excruciating Wounds      Necr           0%         N/A       100%        5
 Starburst                Conj/Fire      0%         8x6d3     100%        6

Inventory:

Missiles
 a - 5 javelins (quivered)
 b - 2 throwing nets {=f}
Scrolls
 c - a scroll of magic mapping {unknown}
 e - a scroll of blinking {unknown}
 f - 2 scrolls of identify {unknown}
 h - a scroll of vulnerability {unknown}
 i - a scroll of noise {unknown}
 j - a scroll of amnesia {unknown}
Potions
 d - a potion of degeneration {unknown}
 g - a potion of invisibility {unknown}

Dungeon Overview and Level Annotations

Branches:
Dungeon (4/15)
 Temple: D:4-7

Altars:

▒▒▒▒▒....
......▒..
.........
........▒
........▒ ▒
..£.....▒▒▒.▒▒▒
▒....(▒......
▒.o......
▒x▒...... ▒o▒
..... ▒.▒ ....
▒.▒ ... ▒.. ..
▒▒▒ .


You could see an orc priest and an orc.


Message History

Pain shoots through your body!
* * * LOW HITPOINT WARNING * * *
You tentacle-slap the orc priest but do no damage.
The orc priest is moderately wounded.
The orc closely misses you. The orc priest closely misses you.
You tentacle-slap the orc priest.
The orc priest is moderately wounded.
You constrict the orc priest. The orc misses you.
The orc priest closely misses you.
Unknown command.
You tentacle-slap the orc priest but do no damage.
The orc priest is heavily wounded.
The orc hits you with a +0 mace.
* * * LOW HITPOINT WARNING * * *
The orc priest closely misses you.
Unknown command.
You tentacle-slap the orc priest but do no damage.
The orc priest is heavily wounded.
You constrict the orc priest. The orc hits you with a +0 mace.
* * * LOW HITPOINT WARNING * * *
The orc priest barely misses you.
Unknown command.
You tentacle-slap the orc priest.
The orc priest is severely wounded.
You constrict the orc priest. The orc hits you with a +0 mace.
You die...

Action                   |  1- 3 |  4- 6 || total
-------------------------+-------+-------++-------
Melee: Unarmed           |    73 |    39 ||   112
       Tentacles         |    22 |     6 ||    28
       Constrict         |    19 |    10 ||    29
       Punch             |     1 |     2 ||     3
Throw: Javelin           |       |     2 ||     2
 Stab: Sleeping          |     3 |     3 ||     6
Armor: Skin              |     6 |     1 ||     7
Dodge: Dodged            |    45 |    25 ||    70

Levels and vault maps discovered:
D:1:      minmay_arrival_up_and_down, layout_loops_ring,
          dreamdust_ecumenical_altar_hidden_monk_grotto
D:2:      layout_basic, serial_rivers, chequers_serial_rivers_small_b,
          chequers_serial_rivers_micro_c, chequers_serial_rivers_small_a,
          chequers_serial_rivers_micro_a, uniq_jessica
D:3:      layout_basic
D:4:      layout_basic, kennysheep_little_box, minmay_temple_entry_mist

Notes
Turn   | Place    | Note
-------+----------+-------------------------------------------
     0 | D:1      | sanka the Octopode Arcane Marksman began the quest for the
                  | Orb.
     0 | D:1      | Reached XP level 1. HP: 13/13 MP: 2/2
   158 | D:1      | Reached skill level 1 in Unarmed Combat
   158 | D:1      | Reached XP level 2. HP: 10/18 MP: 3/3
   540 | D:1      | Found a faded altar of an unknown god.
   974 | D:1      | Reached XP level 3. HP: 12/23 MP: 4/4
  1369 | D:2      | Noticed Jessica
  1382 | D:2      | Killed Jessica
  1383 | D:2      | Reached skill level 3 in Dodging
  1383 | D:2      | Reached skill level 2 in Unarmed Combat
  1383 | D:2      | Reached XP level 4. HP: 10/28 MP: 5/5
  2727 | D:4      | Slain by an orc

Vanquished Creatures
  Jessica (D:2)
  An iguana (D:2)
  A worm (D:2)
  3 ball pythons (D:2)
  3 endoplasms
  A giant cockroach (D:1)
  6 hobgoblins
  6 jackals (D:1)
  2 kobolds
  2 bats (D:1)
  A frilled lizard (D:1)
  6 goblins
  7 rats
40 creatures vanquished.

Vanquished Creatures (others)
  A fungus (D:1)
1 creature vanquished.

Grand Total: 41 creatures vanquished
